 Dungeon Sprint DCSS version 0.19.1-1-g22dce08 (webtiles) character file.

270347 dvd the Skullcrusher (level 17, -10/301 HPs)
             Began as a Troll Berserker on Jan 12, 2017.
             Was a High Priest of Trog.
             Mangled by a daeva
             ... wielding a +5 eudemon blade of holy wrath
             ... led by a seraph
              (23 damage)
             ... in the Dungeon (Sprint III: "The Ten Rune Challenge").
             The game lasted 01:36:05 (9555 turns).

dvd the Skullcrusher (Troll Berserker)              Turns: 9555, Time: 01:36:05

Health: -10/301    AC: 22    Str: 28 (30) XL:     17   Next: 81%
Magic:  16/16      EV: 13    Int:  8      God:    Trog [*****.]
Gold:   2609       SH:  2    Dex: 10      Spells: 0 memorised, 16 levels left

rFire  + . .     SeeInvis +     b - +7 great mace of Cuny {drain, rF+ rN+ Dex+2}
rCold  + . .     Gourm    +     F - +1 storm dragon scales
rNeg   + . .     Faith    .     (shield currently unavailable)
rPois  +         Spirit   .     w - +2 hat {MR+}
rElec  +         Reflect  +     T - +2 cloak {MR+}
rCorr  .         Harm     .     (gloves unavailable)
MR     +++++     Rnd*Rage +     (boots unavailable)
Stlth  .......... NoTele   +    s - +2 amulet of reflection
                                r - ring of protection from cold
                                I - ring of Fuyj {rPois Int+6 Dex-3 SInv}

@: berserking (expiring), contaminated, regenerating, glowing, studying 2
skills, drained, very quick
A: unfitting armour, claws 3, hooves 1, horns 1, berserk 1, blurry vision 1,
clumsy 1, deformed body, deterioration 2, dopey 1, fast metabolism 3, frail 1,
gourmand, low mp 1, sense surroundings 1, regeneration 1, screaming 1, shaggy
fur 1, tough skin 2, weak 2
a: Berserk, Trog's Hand, Brothers in Arms, Burn Spellbooks, Renounce Religion
0: Orb of Zot
}: 5/10 runes: serpentine, barnacled, silver, golden, demonic


You were in the Dungeon.
You worshipped Trog.
Trog was extremely pleased with you.
You were near starving.

You visited 1 branch You collected 3750 gold pieces.
You spent 1141 gold pieces at shops.

Inventory:

Hand Weapons
 a - the +6 giant club of the Unseen Realm {speed, rF+ Dex+4 Stlth+}
   (Trog gifted it to you in the Dungeon)

   Attacks with this weapon are significantly faster.
   It affects your dexterity (+4).
   It protects you from fire.
   It makes you more stealthy.
 b - the +7 great mace of Cuny (weapon) {drain, rF+ rN+ Dex+2}
   (Trog gifted it to you in the Dungeon)

   A truly terrible weapon, it drains the life of those it strikes.
   It affects your dexterity (+2).
   It protects you from fire.
   It protects you from negative energy.
 x - the +8 giant spiked club "Zeriokizi" {crush, Dex+4}
   (Trog gifted it to you in the Dungeon)

   It inflicts extra damage upon your enemies.
   It affects your dexterity (+4).
 C - the +5 great mace "Qellopyl" {crush, rElec Str+2}
   (Trog gifted it to you in the Dungeon)

   It inflicts extra damage upon your enemies.
   It affects your strength (+2).
   It insulates you from electricity.
 E - a +9 antimagic giant spiked club
 H - the +9 whip of the Endless Beggars {protect, rF+}
   (You took it off a greater mummy in the Dungeon)

   It protects the one who uses it against injury (+AC on strike).
   It protects you from fire.
 Y - the +7 great mace "Undeadhunter" {disrupt, rN+}
   (Trog gifted it to you in the Dungeon)

   It protects you from negative energy.
Missiles
 e - 25 large rocks (quivered)
 z - 6 javelins of penetration
 D - 4 silver javelins
 J - 4 steel javelins
 S - 6 javelins of returning
 U - 7 poisoned javelins
 V - a large rock of returning
 W - 7 silver tomahawks
Armour
 k - a +2 cloak of invisibility
 w - a +2 hat of magic resistance (worn)
 F - +1 storm dragon scales (worn)
 M - the +1 pearl dragon scales of the Abyss {rN+ Str+4}
   (You acquired it in the Dungeon)

   It affects your strength (+4).
   It protects you from negative energy.
 T - a +2 cloak of magic resistance (worn)
Jewellery
 r - a ring of protection from cold (right claw)
 s - a +2 amulet of reflection (around neck)
 B - the ring "Kefu" {rF+ Str+2 Stlth+}
   (You took it off a centaur warrior in the Dungeon)

   [ring of stealth]

   It affects your strength (+2).
   It protects you from fire.
   It makes you more stealthy.
 I - the ring of Fuyj (left claw) {rPois Int+6 Dex-3 SInv}
   (You found it in the Dungeon)

   [ring of intelligence]

   It affects your intelligence (+6).
   It affects your dexterity (-3).
   It protects you from poison.
   It lets you see invisible.
 N - the ring "Faufityc" {AC+3 Stlth+}
   (You acquired it in the Dungeon)

   [ring of protection]

   It affects your AC (+3).
   It makes you more stealthy.
 Q - the ring of Plog {Ice rElec}
   (You acquired it in the Dungeon)

   [ring of ice]

   It enhances your ice magic.
   It makes you vulnerable to fire.
   It protects you from cold.
   It insulates you from electricity.
Wands
 l - a wand of digging (6/24)
 q - a wand of lightning (5/15)
 A - a wand of iceblast (10/15)
 G - a wand of disintegration (2/24)
 K - a wand of digging (8/24)
 P - a wand of disintegration (10/24)
 R - a wand of hasting (4/9)
 Z - a wand of digging (14/24)
Scrolls
 i - a scroll of blinking
 m - 3 scrolls of remove curse
 t - a scroll of silence
Potions
 d - 8 potions of curing
 f - a potion of haste
 g - 2 potions of magic
 h - 2 potions of berserk rage
 j - 2 potions of mutation
 o - 2 potions of cure mutation
 p - a potion of flight
 v - 2 potions of might
Books
 y - a manual of Invocations
 O - a manual of Dodging
Miscellaneous
 u - 5 sacks of spiders
Comestibles
 c - 6 bread rations
 n - 29 royal jellies
 L - 9 fruits
 X - 2 meat rations


   Skills:
 + Level 26.4(26.1) Fighting
 O Level 27(26.6) Maces & Flails
 + Level 18.9(18.6) Throwing
 + Level 17.9(17.7) Armour
 + Level 15.5(15.2) Dodging
 + Level 8.6(8.4) Stealth
 + Level 3.4(3.3) Evocations


You had 16 spell levels left.
You didn't know any spells.

Dungeon Overview and Level Annotations

Branches:
Dungeon (1/1)

Altars:
Cheibriados
Dithmenos
Elyvilon
Fedhas
Gozag
Hepliaklqana
Kikubaaqudgha
Makhleb
Nemelex Xobeh
Okawaru
Qazlal
Ru
Sif Muna
Trog
Uskayaw
Vehumet
Xom
Yredelemnul
Zin
The Shining One
Beogh
Jiyva
Lugonu

Shops:
D :[%[!=(!%}[[!%[!:}%?=}(%


Innate Abilities, Weirdness & Mutations

You are too large for most types of armour.
You have claws for hands.
Your metabolism is lightning-fast.
You like to eat raw meat.
Your natural rate of healing is unusually fast.
You are covered in fur. (AC +1)
You have very tough skin. (AC +2)
You have large cloven feet.
You have a pair of small horns on your head.
You tend to lose your temper in combat.
Scrolls take you a little longer to read.
You are clumsy. (Dex -2)
Armour fits poorly on your strangely shaped body.
Your body often deteriorates upon taking damage.
You are dopey. (Int -2)
You are frail. (-10% HP)
Your magical capacity is low. (-10% MP)
You passively map a small area around you.
You occasionally shout uncontrollably at your foes.
You are very weak. (Str -4)


Message History

* * * LOW HITPOINT WARNING * * *
Your body deteriorates!
You feel weakened. The seraph burns you.
* * * LOW HITPOINT WARNING * * *
The seraph hits you with a great sword of flaming!!
* * * LOW HITPOINT WARNING * * *
Your body deteriorates!
You feel weakened. The seraph burns you!
* * * LOW HITPOINT WARNING * * *
The daeva hits you with a scimitar of holy wrath.
* * * LOW HITPOINT WARNING * * *
The daeva hits you with a scimitar of holy wrath.
* * * LOW HITPOINT WARNING * * *
The daeva calls down the wrath of the Shining One upon you.
The Shining One smites you!
* * * LOW HITPOINT WARNING * * *
The daeva hits you with an eudemon blade of holy wrath!
* * * LOW HITPOINT WARNING * * *
The daeva hits you with an eudemon blade of holy wrath!!
You die...

▓▓▓▓▓▓▓▓▓▓ ▓▓▓ ▓▓▓▓▓▓▓▓
#..'...♣.♣ ♣.###########.......
#..#.....♣ ♣♣.#___#__[#__#######
####....♣♣♣ ♣..#)..#__.#._#....).
...#....≈.♣♣♣♣.###'#)###[##......
...#...≈≈♣.♣...#A.........#)[....
...#..≈A≈≈.♣.♣AA@⌠........#[#...∩
##'#..≈≈≈≈≈≈♣♣A#AA.######'#[###.#
..÷#.≈≈≈≈A≈....#.⌠.#__#...#'#####
...#.≈≈A≈≈.....#...#__#...#....#.
...#.≈≈≈.......#'###__#..)##.#..#
####...........#[[.#__#...)##.#.#
...............#___#__'...#...#..
▓▓▓▓▓▓▓▓▓▓▓▓▓▓▓▓▓▓▓▓▓▓▓▓▓▓▓▓▓▓▓▓▓
..+≈≈≈≈≈≈≈≈≈♣♣.....♣♣♣♣≈≈≈.......


You could see a seraph, 3 daevas, an angel and a cherub.

Vanquished Creatures
  An ancient lich (D)
  Mennas (D)
  Tiamat (D)
  Mara (D)
  An orb of fire (D)
  A pandemonium lord (D)
  Sojobo (D)
  A Killer Klown (D)
  3 golden dragons (D)
  A Brimstone Fiend (D)
  An electric golem (D)
  2 Orb Guardians (D)
  Rupert (D)
  2 deep elf blademasters (D)
  2 liches (D)
  A quicksilver dragon (D)
  Gastronok (D)
  An Executioner (D)
  2 sphinxes (D)
  3 shadow dragons (D)
  Chuck (D)
  Roxanne (D)
  A storm dragon (D)
  A fire giant (D)
  A nagaraja (D)
  Donald (D)
  2 frost giants (D)
  A ghost moth (D)
  2 draconian zealots (D)
  A cacodemon (D)
  3 deep elf annihilators (D)
  A deep elf demonologist (D)
  Azrael (D)
  A vampire knight (D)
  Nessos (D)
  A yellow draconian (D)
  7 mummy priests (D)
  A deep elf death mage (D)
  A fire dragon (D)
  A deep elf high priest (D)
  14 vault guards (D)
  A naga warrior (D)
  2 hell beasts (D)
  Erolcha (D)
  2 hydras (D)
  A yaktaur captain (D)
  An ogre mage (D)
  2 centaur warriors (D)
  A dancing weapon (D)
  3 soul eaters (D)
  An iron golem (D)
  3 deep elf knights (D)
  4 hell knights (D)
  Urug (D)
  2 sun demons (D)
  A small abomination (D)
  A sixfirhy (D)
  A shadow wraith (D)
  A death drake (D)
  An anaconda zombie (D)
  5 skeletal warriors (D)
  A sea snake (shapeshifter) (D)
  An orange crystal statue (D)
  An obsidian statue (D)
  A lindwurm (D)
  A hill giant (shapeshifter) (D)
  A swamp dragon (shapeshifter) (D)
  An orc knight (D)
  6 deep elf magi (D)
  3 ugly things (D)
  A shining eye (D)
  2 crystal guardians (D)
  A cyclops (shapeshifter) (D)
  A moth of wrath (D)
  A stone giant skeleton (D)
  A guardian serpent (D)
  5 black mambas (D)
  A molten gargoyle (D)
  4 iron troll simulacra (D)
  9 statues (D)
  An orange demon (D)
  2 spiny frogs (D)
  A hellion (D)
  A rime drake (D)
  A komodo dragon (D)
  A hellwing (D)
  2 ice devils (D)
  A yaktaur (D)
  A red devil (D)
  12 guardian mummies (D)
  4 spriggan defenders (D)
  8 slime creatures (D)
  2 orc high priests (D)
  2 tyrant leeches (D)
  2 hornets (D)
  2 snapping turtles (D)
  5 redbacks (D)
  A shadow (D)
  3 wandering mushrooms (D)
  A spatial vortex (D)
  2 hill giants (D)
  2 nagas (D)
  3 hydra simulacra (D)
  A floating eye (D)
  5 water moccasins (D)
  A floating eye (shapeshifter) (D)
  A swamp drake (D)
  A fire dragon simulacrum (D)
  A necrophage (D)
  A two-headed ogre (D)
  A water elemental (D)
  11 killer bees (D)
  3 electric eels (D)
  A jelly (D)
  An orc priest (D)
  An iron imp (D)
  Jessica (D)
  A wizard (D)
  2 necromancers (D)
  An orc wizard (D)
  3 humans (D)
  A kobold demonologist (D)
  12 adders (D)
  A shadow imp (D)
  A phantom (D)
  3 orcs (D)
  3 rats (D)
  A bush (D)
  4 butterflies (D)
  6 plants (D)
  A tentacle (D)
279 creatures vanquished.

Vanquished Creatures (collateral kills)
  2 greater mummies (D)
  Boris (D)
  Nellie (D)
  A deep elf blademaster (D)
  2 titans (D)
  A kraken (D)
  Frances (D)
  A vampire knight (D)
  2 dire elephants (D)
  2 mummy priests (D)
  3 vault guards (D)
  2 alligator snapping turtles (D)
  3 dancing weapons (D)
  4 death yaks (D)
  A shock serpent (shapeshifter) (D)
  A spriggan druid (D)
  2 crystal guardians (D)
  2 oklob plants (D)
  2 elephants (D)
  7 guardian mummies (D)
  A queen bee (D)
  8 blink frogs (D)
  An orc high priest (D)
  2 snapping turtles (D)
  2 spriggans (D)
  An iron troll simulacrum (D)
  6 orc warriors (D)
  2 two-headed ogres (D)
  21 killer bees (D)
  2 orc priests (D)
  An orc wizard (D)
  A wolf simulacrum (D)
  5 orcs (D)
  A plant (D)
  3 tentacles (D)
98 creatures vanquished.

Vanquished Creatures (others)
  Nikola (D)
  A deep elf blademaster (D)
  2 draconian scorchers (D)
  2 draconian callers (D)
  A sixfirhy (D)
  A glowing orange brain (D)
  6 hellions (D)
  4 yaktaurs (D)
  A hornet (D)
  A golden eye (D)
  A chaos spawn (D)
  An electric eel (D)
  A shadow imp (D)
  5 ball lightnings (D)
  5 ballistomycetes (D)
  3 ballistomycete spores (D)
  A butterfly (D)
  3 fungi (D)
  30 plants (D)
  11 tentacles (D)
81 creatures vanquished.

Grand Total: 458 creatures vanquished

Notes
Turn   | Place    | Note
-------+----------+-------------------------------------------
     0 | D        | dvd the Troll Berserker began the quest for the Orb.
     0 | D        | Reached XP level 1. HP: 22/22 MP: 0/0
    21 | D        | Noticed Jessica
    22 | D        | Reached ** piety under Trog
    22 | D        | Reached skill level 3 in Maces & Flails
    33 | D        | Killed a yaktaur
    35 | D        | Killed Jessica
    35 | D        | Reached skill level 4 in Maces & Flails
    35 | D        | Reached XP level 2. HP: 31/31 MP: 1/1
    71 | D        | Killed a hellion
    75 | D        | Reached XP level 3. HP: 22/39 MP: 2/2
    83 | D        | Killed a hellion
    83 | D        | Killed a hellion
    91 | D        | Killed a hellion
    91 | D        | Killed a hellion
   141 | D        | Killed a white draconian scorcher
   143 | D        | Reached *** piety under Trog
   151 | D        | Gained mutation: Your spells are a little harder to cast, but a little more powerful. [potion of mutation]
   151 | D        | Gained mutation: You occasionally shout uncontrollably at your foes. [potion of mutation]
   151 | D        | Gained mutation: You are weak. (Str -2) [potion of mutation]
   152 | D        | Lost mutation: You are weak. (Str -2) [potion of mutation]
   152 | D        | Lost mutation: Your spells are a little harder to cast, but a little more powerful. [potion of mutation]
   152 | D        | Gained mutation: You have a pair of small horns on your head. [potion of mutation]
   153 | D        | Gained mutation: You have large cloven feet. [potion of mutation]
   153 | D        | Gained mutation: You passively map a small area around you. [potion of mutation]
   153 | D        | Gained mutation: You heal very quickly. [potion of mutation]
   153 | D        | Killed a white draconian scorcher
   190 | D        | Noticed a water elemental
   196 | D        | Killed a water elemental
   196 | D        | Reached skill level 6 in Maces & Flails
   196 | D        | Reached XP level 4. HP: 49/49 MP: 3/3
   196 | D        | Killed a hellion
   226 | D        | Found a radiant altar of Vehumet.
   227 | D        | Found a deep blue altar of Sif Muna.
   227 | D        | Found an ancient bone altar of Kikubaaqudgha.
   227 | D        | Noticed a wizard
   229 | D        | Noticed a hellwing
   229 | D        | Killed a wizard
   229 | D        | Reached skill level 5 in Fighting
   231 | D        | Reached **** piety under Trog
   231 | D        | Reached XP level 5. HP: 57/57 MP: 4/4
   238 | D        | Reached ***** piety under Trog
   283 | D        | Found a hide-covered altar of Uskayaw.
   283 | D        | Found a roughly hewn altar of Beogh.
   283 | D        | Found an iron altar of Okawaru.
   283 | D        | Found a bloodstained altar of Trog.
   283 | D        | Noticed a human
   284 | D        | Noticed a human
   288 | D        | Killed a human
   288 | D        | Received a gift from Trog
   288 | D        | Reached skill level 8 in Maces & Flails
   288 | D        | Reached skill level 5 in Dodging
   288 | D        | Reached XP level 6. HP: 67/68 MP: 5/5
   292 | D        | Killed a human
   292 | D        | Reached skill level 9 in Maces & Flails
   293 | D        | Got a shimmering giant club {god gift}
   299 | D        | Identified the +5 giant club "Adoriseg" {speed, rF+} (Trog gifted it to you in the Dungeon)
   333 | D        | Found a glowing silver altar of Zin.
   333 | D        | Found a glowing golden altar of the Shining One.
   333 | D        | Found a white marble altar of Elyvilon.
   334 | D        | Noticed a deep elf mage
   337 | D        | Killed a deep elf mage
   337 | D        | Reached skill level 10 in Maces & Flails
   337 | D        | Reached XP level 7. HP: 81/81 MP: 6/6
   394 | D        | Found a basalt altar of Yredelemnul.
   394 | D        | Found a shadowy altar of Dithmenos.
   394 | D        | Found a sacrificial altar of Ru.
   401 | D        | Reached skill level 11 in Maces & Flails
   416 | D        | Noticed a shadow
   418 | D        | Killed a shadow
   418 | D        | Reached XP level 8. HP: 89/89 MP: 7/7
   434 | D        | Found a blossoming altar of Fedhas.
   434 | D        | Found a stormy altar of Qazlal.
   434 | D        | Found a snail-covered altar of Cheibriados.
   434 | D        | Found a burning altar of Makhleb.
   434 | D        | Found a shimmering altar of Xom.
   435 | D        | Found a hazy altar of Hepliaklqana.
   435 | D        | Found an opulent altar of Gozag.
   435 | D        | Found a sparkling altar of Nemelex Xobeh.
   435 | D        | Found a corrupted altar of Lugonu.
   435 | D        | Found a viscous altar of Jiyva.
   469 | D        | Reached skill level 12 in Maces & Flails
   563 | D        | Received a gift from Trog
   574 | D        | Received a gift from Trog
   593 | D        | Found Mur Dyhe's Weapon Boutique.
   698 | D        | Reached skill level 13 in Maces & Flails
   705 | D        | Noticed Erolcha
   709 | D        | Reached XP level 9. HP: 76/101 MP: 5/8
   712 | D        | Killed Erolcha
   712 | D        | Reached skill level 10 in Fighting
   712 | D        | Reached skill level 14 in Maces & Flails
   712 | D        | Reached skill level 1 in Stealth
   771 | D        | Reached ****** piety under Trog
   771 | D        | Received a gift from Trog
   801 | D        | Noticed a wandering mushroom
   806 | D        | Noticed a wandering mushroom
   808 | D        | Noticed a wandering mushroom
   823 | D        | Killed a wandering mushroom
   828 | D        | Killed a wandering mushroom
   828 | D        | Reached skill level 15 in Maces & Flails
   834 | D        | Noticed a spiny frog
   834 | D        | Noticed a komodo dragon
   834 | D        | Noticed a spiny frog
   837 | D        | Killed a spiny frog
   837 | D        | Reached XP level 10. HP: 111/111 MP: 9/9
   838 | D        | Killed a spiny frog
   913 | D        | Received a gift from Trog
   978 | D        | Reached skill level 16 in Maces & Flails
   991 | D        | Received a gift from Trog
  1041 | D        | Noticed Rupert
  1045 | D        | Killed Rupert
  1098 | D        | Noticed a death yak
  1099 | D        | Noticed a death yak
  1101 | D        | Noticed a death yak
  1102 | D        | Killed a death yak
  1102 | D        | Reached skill level 17 in Maces & Flails
  1104 | D        | Noticed a death yak
  1104 | D        | Killed a death yak
  1104 | D        | Received a gift from Trog
  1107 | D        | Killed a death yak
  1108 | D        | Killed a death yak
  1110 | D        | Got a twisted giant club {god gift}
  1112 | D        | Reached XP level 11. HP: 123/123 MP: 10/10
  1119 | D        | Noticed an azure jelly
  1119 | D        | Noticed an azure jelly
  1138 | D        | Identified the +6 giant club of the Unseen Realm {speed, rF+ Dex+4 Stlth+} (Trog gifted it to you in the Dungeon)
  1221 | D        | Received a gift from Trog
  1226 | D        | Received a gift from Trog
  1240 | D        | Received a gift from Trog
  1261 | D        | Received a gift from Trog
  1303 | D        | Received a gift from Trog
  1303 | D        | Reached skill level 18 in Maces & Flails
  1444 | D        | Noticed an azure jelly
  1444 | D        | Noticed an azure jelly
  1446 | D        | Noticed a dire elephant
  1446 | D        | Noticed a dire elephant
  1446 | D        | Noticed Gastronok
  1452 | D        | Killed a dire elephant
  1452 | D        | Received a gift from Trog
  1453 | D        | Killed a dire elephant
  1453 | D        | Reached skill level 1 in Throwing
  1457 | D        | Killed Gastronok
  1459 | D        | Reached skill level 10 in Dodging
  1553 | D        | Received a gift from Trog
  1582 | D        | Noticed a kraken
  1686 | D        | Killed a kraken
  1686 | D        | Reached skill level 19 in Maces & Flails
  1692 | D        | Noticed an alligator snapping turtle
  1692 | D        | Noticed an alligator snapping turtle
  1694 | D        | Found Joiff's Food Shop.
  1694 | D        | Found Astreuraq's Antique Armour Boutique.
  1694 | D        | Found Viugi's Book Shoppe.
  1703 | D        | Killed an alligator snapping turtle
  1712 | D        | Killed an alligator snapping turtle
  1743 | D        | Got a barnacled rune of Zot
  1745 | D        | Bought a twisted robe for 159 gold pieces
  1759 | D        | Identified the +2 robe of Reason {+Fly rPois rF- MP+9} (You bought it in a shop in the Dungeon)
  1836 | D        | Received a gift from Trog
  1846 | D        | Reached XP level 12. HP: 113/137 MP: 11/11
  1945 | D        | Noticed Urug
  1947 | D        | Killed Urug
  1947 | D        | Received a gift from Trog
  1956 | D        | Noticed a six-headed hydra
  1956 | D        | Noticed an eight-headed hydra
  2027 | D        | Killed a six-headed hydra
  2030 | D        | Killed an eight-headed hydra
  2135 | D        | Received a gift from Trog
  2194 | D        | Got a crystal giant club {god gift}
  2195 | D        | Identified the +4 giant club of Raokkorgh {flame, Dex+2} (Trog gifted it to you in the Dungeon)
  2213 | D        | Received a gift from Trog
  2261 | D        | Noticed a naga warrior
  2261 | D        | Noticed a nagaraja
  2282 | D        | Killed a nagaraja
  2282 | D        | Received a gift from Trog
  2295 | D        | Killed a naga warrior
  2295 | D        | Reached skill level 15 in Fighting
  2302 | D        | Reached skill level 5 in Stealth
  2390 | D        | Found Ojein's Antique Armour Shop.
  2390 | D        | Found Kamue's Distillery.
  2394 | D        | Found Faguon's Jewellery Boutique.
  2401 | D        | Bought an uncursed ring of see invisible for 150 gold pieces
  2412 | D        | Reached skill level 20 in Maces & Flails
  2418 | D        | Got a serpentine rune of Zot
  2511 | D        | Found a blossoming altar of Fedhas.
  2517 | D        | Received a gift from Trog
  2599 | D        | Noticed Donald
  2599 | D        | Noticed Frances
  2602 | D        | Killed Frances
  2612 | D        | Killed Donald
  2717 | D        | Noticed a ghost moth
  2768 | D        | Killed Nikola
  2777 | D        | Killed a ghost moth
  2777 | D        | Reached XP level 13. HP: 152/152 MP: 0/12
  2790 | D        | Received a gift from Trog
  2916 | D        | Found Aliyck's Magic Scroll Shop.
  2916 | D        | Found Qaron's Food Shoppe.
  2916 | D        | Found Entuwea's Gadget Emporium.
  2916 | D        | Found Ulai's Distillery.
  2916 | D        | Found Sadu's Food Emporium.
  2916 | D        | Found Fousicaseu's Antique Weapon Shop.
  2916 | D        | Found Nuoleman's Book Boutique.
  2916 | D        | Found Bettaseapi's Antique Armour Shoppe.
  2916 | D        | Found Timus's Gadget Emporium.
  2916 | D        | Found Luxkiaro's Food Shop.
  2916 | D        | Found Hikerem's Jewellery Boutique.
  2916 | D        | Found Rined's Distillery.
  2960 | D        | Bought an uncursed ring of protection from cold for 325 gold pieces
  2960 | D        | Bought a +2 amulet of reflection for 325 gold pieces
  2991 | D        | Received a gift from Trog
  3096 | D        | Noticed a fire dragon
  3099 | D        | Killed a fire dragon
  3177 | D        | Received a gift from Trog
  3191 | D        | Got a jewelled giant spiked club
  3192 | D        | Identified the +2 giant spiked club "Gegostus" {flame, rPois SInv} (You found it in the Dungeon)
  3334 | D        | Killed a deep elf blademaster
  3355 | D        | Reached skill level 21 in Maces & Flails
  3366 | D        | Noticed Mara
  3368 | D        | Noticed a vampire knight
  3370 | D        | Noticed a vampire knight
  3371 | D        | Noticed dvd's illusion
  3373 | D        | Killed a vampire knight
  3373 | D        | Received a gift from Trog
  3377 | D        | Noticed a deep elf blademaster
  3385 | D        | Killed Mara
  3389 | D        | Killed a vampire knight
  3392 | D        | Noticed a deep elf blademaster
  3397 | D        | Killed a deep elf blademaster
  3403 | D        | Killed a deep elf blademaster
  3403 | D        | Received a gift from Trog
  3431 | D        | Got an ancient giant club {god gift}
  3432 | D        | Identified the +4 giant club of Income {crush, -Tele Int+5} (Trog gifted it to you in the Dungeon)
  3595 | D        | Noticed a storm dragon
  3602 | D        | Killed a storm dragon
  3602 | D        | Reached XP level 14. HP: 170/170 MP: 13/13
  3606 | D        | Reached skill level 22 in Maces & Flails
  3669 | D        | Received a gift from Trog
  3722 | D        | Found Ezadi's Gadget Shop.
  3728 | D        | Found Zoschaun's Armour Shoppe.
  3783 | D        | Found Eco Leth's Armour Shop.
  3783 | D        | Found Zaitraw's Food Emporium.
  3786 | D        | Noticed Roxanne
  3799 | D        | Received a gift from Trog
  3829 | D        | Reached skill level 5 in Throwing
  3836 | D        | Reached skill level 1 in Armour
  3837 | D        | Found Anew's Distillery.
  3892 | D        | Killed Roxanne
  3892 | D        | Received a gift from Trog
  3896 | D        | Received a gift from Trog
  3926 | D        | Received a gift from Trog
  3973 | D        | Received a gift from Trog
  3975 | D        | Noticed Boris
  3993 | D        | Killed Boris
  3993 | D        | Reached skill level 23 in Maces & Flails
  3993 | D        | Reached skill level 5 in Armour
  4161 | D        | Noticed Chuck
  4186 | D        | Killed Chuck
  4186 | D        | Received a gift from Trog
  4207 | D        | Identified the Reference Book on the Voyage and Poison
  4238 | D        | Received a gift from Trog
  4238 | D        | Received a gift from Trog
  4275 | D        | Noticed Sojobo
  4295 | D        | Killed Sojobo
  4333 | D        | Noticed a lich
  4337 | D        | Killed a lich
  4371 | D        | Received a gift from Trog
  4380 | D        | Got an ebony giant spiked club {god gift}
  4381 | D        | Identified the +8 giant spiked club "Zeriokizi" {crush, Dex+4} (Trog gifted it to you in the Dungeon)
  4465 | D        | Noticed a shadow dragon
  4465 | D        | Noticed a shadow dragon
  4480 | D        | Killed a shadow dragon
  4480 | D        | Reached XP level 15. HP: 184/184 MP: 14/14
  4488 | D        | Killed a shadow dragon
  4592 | D        | Noticed a shadow dragon
  4592 | D        | Noticed a titan
  4592 | D        | Noticed a quicksilver dragon
  4592 | D        | Noticed a golden dragon
  4592 | D        | Noticed a titan
  4592 | D        | Noticed a golden dragon
  4592 | D        | Noticed a golden dragon
  4598 | D        | Received a gift from Trog
  4612 | D        | Killed a titan
  4616 | D        | Killed a titan
  4616 | D        | Received a gift from Trog
  4662 | D        | Killed a golden dragon
  4723 | D        | Killed a golden dragon
  4723 | D        | Reached skill level 24 in Maces & Flails
  4740 | D        | Received a gift from Trog
  4743 | D        | Got an ancient marble ring
  4744 | D        | Got an uncursed slimy battleaxe {venom}
  4755 | D        | Noticed a frost giant
  4758 | D        | Killed a frost giant
  4763 | D        | Reached skill level 10 in Armour
  4811 | D        | Received a gift from Trog
  4812 | D        | Got a twisted great sword {god gift}
  4813 | D        | Identified the +11 great sword of Impermanence {flame, rElec rF- rC+} (Trog gifted it to you in the Dungeon)
  4820 | D        | Identified the ring "Kefu" {rF+ Str+2 Stlth+} (You took it off a centaur warrior in the Dungeon)
  4833 | D        | Got a transparent giant spiked club {god gift}
  4835 | D        | Identified the +2 giant spiked club of a ziggurat {holy, rElec MR++} (Trog gifted it to you in the Dungeon)
  4836 | D        | Identified the +5 battleaxe of Valour {venom, +Fly Str+3 Dex-5} (You took it off a centaur warrior in the Dungeon)
  4882 | D        | Killed a quicksilver dragon
  4908 | D        | Received a gift from Trog
  4945 | D        | Killed a golden dragon
  4945 | D        | Reached skill level 10 in Throwing
  4953 | D        | Received a gift from Trog
  4985 | D        | Killed a shadow dragon
  5029 | D        | Got a silver rune of Zot
  5232 | D        | Received a gift from Trog
  5248 | D        | Received a gift from Trog
  5276 | D        | Reached skill level 25 in Maces & Flails
  5278 | D        | Received a gift from Trog
  5293 | D        | Noticed a lich
  5299 | D        | Killed a lich
  5299 | D        | Received a gift from Trog
  5299 | D        | Reached XP level 16. HP: 204/204 MP: 9/15
  5378 | D        | Got a shimmering shield
  5385 | D        | Identified the +0 shield "Heprauha" {-Tele *Drain rPois Regen+} (You acquired it in the Dungeon)
  5404 | D        | Noticed a sphinx
  5404 | D        | Noticed a sphinx
  5417 | D        | Killed a sphinx
  5422 | D        | Killed a sphinx
  5422 | D        | Received a gift from Trog
  5604 | D        | Received a gift from Trog
  5870 | D        | Noticed Nellie
  5883 | D        | Killed Nellie
  5889 | D        | Got a demonic rune of Zot
  5976 | D        | Received a gift from Trog
  5980 | D        | Received a gift from Trog
  6052 | D        | Noticed a Tzitzimitl
  6095 | D        | Received a gift from Trog
  6182 | D        | Reached skill level 26 in Maces & Flails
  6199 | D        | Received a gift from Trog
  6199 | D        | Reached skill level 1 in Evocations
  6200 | D        | Noticed a deep elf blademaster
  6209 | D        | Killed a deep elf blademaster
  6217 | D        | Received a gift from Trog
  6263 | D        | Received a gift from Trog
  6273 | D        | Identified a +4 rod of inaccuracy (10/10) (You found it in the Dungeon)
  6275 | D        | Got a pitted mace
  6276 | D        | Identified the +5 mace "Linifit" {holy, rF+} (You found it in the Dungeon)
  6289 | D        | Got a twitching copper ring
  6291 | D        | Identified the ring of Fuyj {rPois Int+6 Dex-3 SInv} (You found it in the Dungeon)
  6617 | D        | Got a dazzling hand axe
  6699 | D        | Noticed Azrael
  6706 | D        | Killed Azrael
  6812 | D        | Noticed Mennas
  6846 | D        | Killed Mennas
  6901 | D        | Received a gift from Trog
  7091 | D        | Identified the +5 hand axe "Arcanum" {chop, rElec rF+ Int-3 Dex+4} (You found it in the Dungeon)
  7150 | D        | Received a gift from Trog
  7219 | D        | Bought a potion of curing for 39 gold pieces
  7219 | D        | Bought a potion of curing for 39 gold pieces
  7219 | D        | Bought a potion of heal wounds for 65 gold pieces
  7219 | D        | Bought a potion of curing for 39 gold pieces
  7249 | D        | Noticed an Executioner
  7253 | D        | Killed an Executioner
  7284 | D        | Noticed Nessos
  7301 | D        | Killed Nessos
  7325 | D        | Received a gift from Trog
  7391 | D        | Noticed a Killer Klown
  7417 | D        | Killed a Killer Klown
  7452 | D        | Noticed an Orb Guardian
  7452 | D        | Noticed an Orb Guardian
  7460 | D        | Killed an Orb Guardian
  7460 | D        | Reached skill level 15 in Throwing
  7460 | D        | Reached skill level 15 in Armour
  7464 | D        | Killed an Orb Guardian
  7464 | D        | Received a gift from Trog
  7478 | D        | Received a gift from Trog
  7572 | D        | Noticed an ancient lich
  7582 | D        | Killed an ancient lich
  7582 | D        | Reached XP level 17. HP: 212/215 MP: 17/17
  7593 | D        | Noticed an electric golem
  7606 | D        | Received a gift from Trog
  7621 | D        | Killed an electric golem
  7621 | D        | Reached skill level 27 in Maces & Flails
  7626 | D        | Got a translucent great mace {god gift}
  7629 | D        | Identified the +7 great mace of Cuny {drain, rF+ rN+ Dex+2} (Trog gifted it to you in the Dungeon)
  7891 | D        | Received a gift from Trog
  8086 | D        | Got a bloodstained great mace {god gift}
  8087 | D        | Identified the +5 great mace "Qellopyl" {crush, rElec Str+2} (Trog gifted it to you in the Dungeon)
  8096 | D        | Received a gift from Trog
  8107 | D        | Noticed a greater mummy
  8112 | D        | Killed a greater mummy
  8134 | D        | Noticed a greater mummy
  8149 | D        | Received a gift from Trog
  8158 | D        | Killed a greater mummy
  8312 | D        | Got a bound bronze ring
  8314 | D        | Identified the ring "Ihasug" {Int+3 Stlth-} (You took it off a greater mummy in the Dungeon)
  8325 | D        | Got a brightly glowing lead ring
  8327 | D        | Identified the ring "Waystef" {Fire *Corrode *Slow Int+9 Dex+5} (You took it off a mummy priest in the Dungeon)
  8338 | D        | Received a gift from Trog
  8338 | D        | Received a gift from Trog
  8342 | D        | Got a golden rune of Zot
  8357 | D        | Got a faintly glowing whip {protect}
  8358 | D        | Identified the +9 whip of the Endless Beggars {protect, rF+} (You took it off a greater mummy in the Dungeon)
  8363 | D        | Got a crude glaive {chop}
  8364 | D        | Identified the +6 glaive "Pecsiod" {chop, rElec rF- MR+ SInv} (You took it off a guardian mummy in the Dungeon)
  8369 | D        | Got crude pearl dragon scales
  8380 | D        | Identified the +1 pearl dragon scales of the Abyss {rN+ Str+4} (You acquired it in the Dungeon)
  8409 | D        | Got a scintillating glass ring
  8411 | D        | Identified the ring of Plog {Ice rElec} (You acquired it in the Dungeon)
  8453 | D        | Got a fine bone ring
  8455 | D        | Identified the ring "Faufityc" {AC+3 Stlth+} (You acquired it in the Dungeon)
  8673 | D        | Noticed Tiamat
  8764 | D        | Killed Tiamat
  8986 | D        | Noticed an orb of fire
  8991 | D        | Gained mutation: Your body sometimes deteriorates upon taking damage. [an orb of fire]
  8992 | D        | Killed an orb of fire
  8999 | D        | Noticed an Orb Guardian
  9001 | D        | Gained mutation: You tend to lose your temper in combat. [mutagenic glow]
  9002 | D        | Paralysed by a floating eye for 2 turns
  9006 | D        | Paralysed by a floating eye for 2 turns
  9007 | D        | Noticed an Orb Guardian
  9007 | D        | Noticed an Orb Guardian
  9008 | D        | Noticed an Orb Guardian
  9008 | D        | Noticed an Orb Guardian
  9014 | D        | Paralysed by a floating eye for 4 turns
  9053 | D        | Gained mutation: Armour fits poorly on your strangely shaped body. [mutagenic glow]
  9092 | D        | Lost mutation: You heal very quickly. [mutagenic glow]
  9113 | D        | Gained mutation: You are frail. (-10% HP) [mutagenic glow]
  9164 | D        | Gained mutation: You sometimes yell uncontrollably at your foes. [mutagenic glow]
  9204 | D        | Got the Orb of Zot
  9221 | D        | Gained mutation: You are clumsy. (Dex -2) [mutagenic glow]
  9243 | D        | Gained mutation: You are weak. (Str -2) [mutagenic glow]
  9258 | D        | Noticed Vuunu the pandemonium lord
  9263 | D        | Noticed a Hell Sentinel
  9266 | D        | Noticed a Hell Sentinel
  9267 | D        | Killed Vuunu the pandemonium lord
  9267 | D        | Reached skill level 15 in Dodging
  9284 | D        | Lost mutation: You are frail. (-10% HP) [mutagenic glow]
  9317 | D        | Gained mutation: You are very weak. (Str -4) [mutagenic glow]
  9327 | D        | Gained mutation: You are dopey. (Int -2) [a cacodemon]
  9368 | D        | Gained mutation: Your magical capacity is low. (-10% MP) [mutagenic glow]
  9398 | D        | Noticed a Brimstone Fiend
  9406 | D        | Killed a Brimstone Fiend
  9420 | D        | Lost mutation: You sometimes yell uncontrollably at your foes. [mutagenic glow]
  9435 | D        | Gained mutation: You are frail. (-10% HP) [mutagenic glow]
  9439 | D        | Received a gift from Trog
  9458 | D        | Gained mutation: Your body often deteriorates upon taking damage. [mutagenic glow]
  9509 | D        | Gained mutation: Scrolls take you a little longer to read. [mutagenic glow]
  9530 | D        | Noticed a seraph
  9555 | D        | HP: 13/301 [daeva/eudemon blade of holy wrath[a seraph] (14)]
  9555 | D        | Mangled by a daeva

Skill      XL: |  1  2  3  4  5  6  7  8  9 10 11 12 13 14 15 16 17 |
---------------+----------------------------------------------------+-----
Maces & Flails | 4 6 8 10 11 13 15 17 19 20 21 23 25 26 27 | 27.0
Fighting       | 3 4 5 6 8 9 10 12 13 15 18 20 23 24 26 | 26.4
Dodging        | 3 4 5 7 8 9 10 12 13 14 15 | 15.5
Stealth        | 1 2 3 5 6 7 8 |  8.6
Throwing       | 2 3 4 7 10 16 18 | 18.9
Armour         | 7 12 15 17 | 17.9
Evocations     | 2 3 |  3.4

Action                   |  1- 3 |  4- 6 |  7- 9 | 10-12 | 13-15 | 16-18 || total
-------------------------+-------+-------+-------+-------+-------+-------++-------
Melee: Mace              |    35 |     9 |       |       |       |       ||    44
       Kick              |     2 |     4 |    18 |    93 |   178 |   149 ||   444
       Headbutt          |     1 |     4 |    14 |    51 |   121 |    81 ||   272
       Giant club        |       |     1 |    54 |   244 |   416 |   209 ||   924
       Great mace        |       |       |       |       |       |   144 ||   144
Throw: Tomahawk          |       |       |       |     3 |       |       ||     3
       Javelin           |       |       |       |     6 |    12 |    29 ||    47
       Large rock        |       |       |       |       |    26 |    76 ||   102
Invok: Berserk           |     2 |     3 |       |     4 |     7 |     5 ||    21
       Burn Spellbooks   |       |     1 |       |       |     2 |     2 ||     5
       Brothers in Arms  |       |       |     3 |    11 |    15 |    12 ||    41
       Trog's Hand       |       |       |       |     1 |     3 |     7 ||    11
Evoke: Wand              |       |       |       |       |       |     7 ||     7
  Use: Potion            |     3 |       |       |     2 |     3 |    12 ||    20
       Scroll            |       |       |       |     4 |       |    13 ||    17
 Stab: Sleeping          |       |       |       |     4 |     1 |       ||     5
       Distracted        |       |       |       |       |     2 |     2 ||     4
  Eat: Chunk             |     4 |     7 |     8 |    26 |    38 |    24 ||   107
       Royal jelly       |       |       |       |       |       |     3 ||     3
       Meat ration       |       |       |       |       |       |     1 ||     1
       Bread ration      |       |       |       |       |       |     1 ||     1
       Pizza             |       |       |       |       |       |     1 ||     1
Armor: Animal skin       |     5 |     2 |       |       |       |       ||     7
       Robe              |       |       |     3 |    31 |     6 |       ||    40
       Storm dragon scal |       |       |       |       |    58 |   141 ||   199
Dodge: Dodged            |    15 |     3 |    24 |   144 |   126 |   131 ||   443
Block: Other             |       |       |       |       |     6 |    19 ||    25
       Reflection        |       |       |       |       |     1 |     2 ||     3
